 Dungeon Crawl Stone Soup version 0.27.1-1-g398f81649c (webtiles) character file.

Game seed: 18295798390152444130

2666 speeev33 the Cleaver (level 9, 0/82 HPs)
             Began as a Hill Orc Fighter on Sept 7, 2021.
             Was a Believer of Okawaru.
             Slain by a killer bee (2 damage)
             ... on level 6 of the Dungeon.
             The game lasted 00:13:37 (7906 turns).

speeev33 the Cleaver (Hill Orc Fighter)             Turns: 7906, Time: 00:13:37

Health: 0/82       AC: 20    Str: 22    XL:     9   Next: 63%
Magic:  9/9        EV:  5    Int:  8    God:    Okawaru [**....]
Gold:   241        SH: 11    Dex: 10    Spells: 8/8 levels left

rFire    . . .     SeeInvis .   a - +0 war axe
rCold    . . .     Faith    .   c - +0 kite shield
rNeg     . . .     Spirit   .   f - +0 plate armour
rPois    .         Reflect  .   d - +0 helmet
rElec    .         Harm     .   (no cloak)
rCorr    .         Rampage  +   i - +1 pair of gloves
Will     .....                  e - +2 pair of boots {rampage}
Stlth    ..........             (no amulet)
HPRegen  0.23/turn              (no ring)
MPRegen  0.11/turn              (no ring)

@: lethally poisoned (0 -> -9)
A: no striking features
a: Renounce Religion, Heroism


You were on level 6 of the Dungeon.
You worshipped Okawaru.
Okawaru was pleased with you.
You visited 2 branches of the dungeon, and saw 8 of its levels.

You collected 241 gold pieces.

Inventory:

Hand Weapons
 a - a +0 war axe (weapon)
 o - a +0 flail
Armour
 c - a +0 kite shield (worn)
 d - a +0 helmet (worn)
 e - a +2 pair of boots of rampaging (worn)
 f - a +0 plate armour (worn)
 i - a +1 pair of gloves (worn)
Jewellery
 p - an amulet of faith
Scrolls
 l - a scroll of teleportation
 n - 2 scrolls of magic mapping
Potions
 b - 2 potions of brilliance
 g - 4 potions of curing
 h - a potion of magic
 j - a potion of degeneration {unknown}
 k - a potion of ambrosia {unknown}
 q - a potion of lignification {unknown}
 r - a potion of attraction {unknown}


   Skills:
 + Level 8.5 Fighting
 + Level 8.7 Axes
 + Level 7.8 Armour
 + Level 7.8 Shields


You had 8 spell levels left.
You didn't know any spells.
Your spell library contained the following spells:

 Spells                   Type           Power      Damage    Failure   Level
 Beastly Appendage        Tmut           0%         N/A       100%        1
 Summon Small Mammal      Summ           0%         N/A       100%        1
 Sublimation of Blood     Necr           0%         N/A       100%        2
 Wereblood                Tmut           0%         N/A       100%        2
 Call Canine Familiar     Summ           0%         N/A       100%        3
 Spider Form              Tmut/Pois      0%         N/A       100%        3
 Summon Guardian Golem    Hex/Summ       0%         N/A       100%        3
 Leda's Liquefaction      Hex/Erth       0%         N/A       100%        4
 Bolt of Magma            Conj/Fire/Erth 0%         4d4       100%        5
 Statue Form              Tmut/Erth      0%         N/A       100%        6
 Summon Hydra             Summ           0%         N/A       100%        7


Dungeon Overview and Level Annotations

Branches:
Dungeon (7/15)             Temple (1/1) D:4

Altars:
Cheibriados
Elyvilon
Fedhas
Okawaru
Sif Muna
Uskayaw
Xom
Yredelemnul
The Shining One

Annotations:
D:4 Grinder


Message History

The centaur hits you but does no damage.
The centaur kicks you but does no damage.
The orc warrior hits you but does no damage.
The centaur hits you.
The centaur kicks you but does no damage.
The basilisk gazes at you. The centaur hits you.
* * * LOW HITPOINT WARNING * * *
The centaur kicks you but does no damage.
The orc warrior hits you with a +0 dire flail!
* * * LOW HITPOINT WARNING * * *
The basilisk gazes at you. The centaur hits you.
The centaur kicks you but does no damage.
An orc comes into view. It is wielding a +0 dagger.
You turn to flesh and can move again.
Blink to where?
Press: ? - help, Dir - move target
As you read the scroll of blinking, it crumbles to dust.
The killer bee stings you but does no damage.
The killer bee stings you but does no damage.
The killer bee barely misses you.
The gnoll shaman mumbles some strange prayers to its god against you.
You easily resist.
You climb upwards.
There is a stone staircase leading down here.
You block the killer bee's attack. The killer bee stings you.
* * * LOW HITPOINT WARNING * * *
The killer bee stings you but does no damage. x2
You hit the killer bee.
The killer bee is lightly wounded.
You hit the gnoll shaman but do no damage.
The killer bee stings you.
* * * LOW HITPOINT WARNING * * *
The killer bee stings you.
* * * LOW HITPOINT WARNING * * *
You are lethally poisoned!
The killer bee poisons you! You block the gnoll shaman's attack.
The killer bee stings you.
You die...

#.........###..
#.....(........
##............#
###............#
#..............#
##.#............
###.#............
##g>..............
###@y..#.......(...#
##......#......##...#
#..........)...###..#
#..........##..###...
##..##......##...#...
#...................
##.#................
###..............##
#.......#.......#.


You could see a gnoll shaman and a killer bee.

Vanquished Creatures
  Sigmund (D:5)
  A wraith (D:6)
  A steam dragon (D:7)
  A water moccasin (D:4)
  2 ice beasts
  2 orc warriors
  3 black bears
  A sky beast (D:6)
  2 necrophages (D:4)
  2 centaurs
  A phantom (D:5)
  A kobold brigand (D:7)
  2 scorpions
  A water moccasin zombie (D:6)
  A wyvern skeleton (D:7)
  A bullfrog zombie (D:5)
  5 hounds
  An orc priest (D:7)
  A bullfrog skeleton (D:5)
  2 centaur skeletons
  2 iguanas
  Natasha (thrice) (D:3)
  An orc wizard (D:6)
  A killer bee zombie (D:5)
  Robin (D:3)
  6 adders
  3 gnolls (D:2)
  2 howler monkey skeletons
  A white imp (D:5)
  2 ufetubi
  2 dart slugs
  7 orcs
  7 ball pythons
  4 endoplasms
  5 giant cockroaches
  18 goblins
  5 hobgoblins
  3 jackals (D:4)
  18 kobolds
  4 quokkas
  4 bats
  A frilled lizard (D:1)
  6 rats (D:1)
138 creatures vanquished.

Vanquished Creatures (others)
  A sky beast (D:6)
  A bullfrog (D:7)
  5 plants (D:4)
7 creatures vanquished.

Grand Total: 145 creatures vanquished

Notes
Turn   | Place    | Note
-------+----------+-------------------------------------------
     0 | D:1      | speeev33 the Hill Orc Fighter began the quest for the Orb.
     0 | D:1      | Reached XP level 1. HP: 19/19 MP: 1/1
   177 | D:1      | Reached XP level 2. HP: 23/27 MP: 2/2
   416 | D:1      | Found a faded altar of an unknown god.
  1316 | D:2      | Reached XP level 3. HP: 29/33 MP: 3/3
  1917 | D:2      | Reached XP level 4. HP: 26/40 MP: 4/4
  2550 | D:3      | Noticed Natasha
  2559 | D:3      | Killed Natasha
  2560 | D:3      | Reached XP level 5. HP: 35/47 MP: 5/5
  2817 | D:3      | Noticed Robin
  2839 | D:3      | Reached skill level 5 in Fighting
  2839 | D:3      | Reached XP level 6. HP: 53/56 MP: 6/6
  2844 | D:3      | Killed Robin
  2879 | D:3      | Noticed Natasha
  2887 | D:3      | Killed Natasha
  3071 | D:3      | Noticed Natasha
  3082 | D:3      | Killed Natasha
  3579 | D:4      | Noticed a necrophage
  3593 | D:4      | Killed a necrophage
  3594 | D:4      | Reached skill level 5 in Axes
  3594 | D:4      | Reached skill level 5 in Armour
  3594 | D:4      | Reached skill level 5 in Shields
  3643 | D:4      | Noticed Grinder
  3843 | D:4      | Noticed a necrophage
  3850 | D:4      | Killed a necrophage
  3851 | D:4      | Reached XP level 7. HP: 62/62 MP: 7/7
  4044 | D:4      | Found a staircase to the Ecumenical Temple.
  4054 | Temple   | Entered the Ecumenical Temple
  4134 | Temple   | Became a worshipper of Warmaster Okawaru
  4559 | D:4      | Paralysed by Grinder for 5 turns
  4565 | D:4      | Paralysed by Grinder for 6 turns
  4591 | D:4      | Paralysed by Grinder for 6 turns
  4752 | D:4      | Paralysed by Grinder for 6 turns
  4830 | D:4      | Paralysed by Grinder for 4 turns
  4835 | D:5      | Entered Level 5 of the Dungeon
  4845 | D:5      | Reached XP level 8. HP: 60/71 MP: 8/8
  4928 | D:5      | Noticed Sigmund
  4962 | D:4      | Reached * piety under Okawaru
  5532 | D:5      | Killed Sigmund
  6225 | D:6      | Noticed a wraith
  6240 | D:6      | Killed a wraith
  6240 | D:6      | Reached ** piety under Okawaru
  6438 | D:6      | Reached XP level 9. HP: 24/80 MP: 9/9
  7906 | D:6      | HP: 4/82 [killer bee (6)]
  7906 | D:6      | Slain by a killer bee

Illustrated notes

Levels and vault maps discovered:
D:1:      wander_arrival_peaceful_grave, layout_loops_corners,
          hellmonk_ecumenical_altar_blasted, st_stairs_5
D:2:      layout_basic
D:3:      layout_basic, minmay_stone_trees_large, hex_intersection, uniq_robin,
          uniq_natasha
D:4:      layout_gridville, minmay_temple_entry_gardened_gates, uniq_grinder
D:5:      layout_basic, uniq_sigmund
D:6:      layout_cave_pools, chequers_arboretum, hangedman_decor_push
D:7:      nzn_winding_woodlands_stair_cross [nzn_winding_woodlands_5x15_cabin,
          nzn_winding_woodlands_center_lodge,
          nzn_winding_woodlands_5x15_pathside_ponds,
          nzn_winding_woodlands_hourglass,
          nzn_winding_woodlands_5x5_checkerboard,
          nzn_winding_woodlands_5x15_river_crossing,
          nzn_winding_woodlands_center_triple_pond,
          nzn_winding_woodlands_5x15_crooked], layout_gridville,
          nicolae_gozag_zags_fifth_avenue
Temple:   dpeg_five_rooms_temple

Skill      XL: |  1  2  3  4  5  6  7  8  9 |
---------------+----------------------------+-----
Axes           | 3 4 5 6 7 8 |  8.7
Fighting       | 4 5 6 7 8 |  8.5
Armour         | 4 5 7 |  7.8
Shields        | 4 5 7 |  7.8

Action                   |  1- 3 |  4- 6 |  7- 9 || total
-------------------------+-------+-------+-------++-------
Melee: War axe           |   114 |   150 |   285 ||   549
  Use: Scroll            |     5 |     3 |     4 ||    12
       Potion            |       |     1 |       ||     1
Armor: Scale mail        |    22 |       |       ||    22
       Plate armour      |    41 |   124 |   268 ||   433
Dodge: Dodged            |    33 |    24 |    73 ||   130
Block: Kite shield       |    61 |    92 |   211 ||   364
